AoeStats
← Josep152x

Lombardia

507559760Analyzed
2v2 RM · 14d ago on Sep 18, 2026· 59m 0s· 4 players
Game mode
Random Map
Map size
Medium (4 player)
Population
200
Speed
Normal
Resources
Standard
Victory
Conquest
Starting age
Dark Age
Ending age
Imperial Age
RankedLock teamsTeams togetherTeam positionsShared explorationLock speedFull tech treeHidden civsTurbo modeCheats
Victory
Defeat
🇹🇷 Vietnamese · Türkiye
766
+13
🇫🇷 Franks · France
676
+17
🇪🇸 Bohemians · Spain
703
-15
🇪🇸 Ethiopians · Spain
703
-15
Laràs
10:45 Loom
12:51 Feudal Age
14:00 Double-Bit Axe
13:59 Horse Collar
14:04 Man-at-Arms
15:27 Wheelbarrow
14:47 Gold Mining
18:12 Town Watch
22:51 Castle Age
21:48 Arson
22:06 Scale Mail Armor
22:01 Fletching
24:06 Stone Mining
24:18 Heavy Plow
24:31 Bow Saw
26:30 Padded Archer Armor
28:00 Ballistics
28:03 Long Swordsman
28:50 Thumb Ring
31:34 Hand Cart
31:32 Crossbowman
32:17 Squires
37:44 Imperial Age
38:22 Husbandry
37:47 Arbalester
39:31 Two-Man Saw
39:13 Stone Shaft Mining
39:16 Gold Shaft Mining
38:10 Two-Handed Swordsman
38:57 Bodkin Arrow
40:14 Chemistry
39:46 Heated Shot
40:39 Conscription
41:28 Cavalier
49:18 Scale Barding Armor
Josep152x
11:28 Feudal Age
11:59 Horse Collar
12:09 Double-Bit Axe
18:59 Forging
18:49 Scale Mail Armor
23:17 Castle Age
24:06 Pikeman
28:48 Fletching
29:38 Heavy Plow
34:05 Imperial Age
32:41 Wheelbarrow
35:43 Elite Hussite Wagon
36:29 Hussite Reforms
36:49 Conscription
38:17 Chemistry
37:39 Ballistics
37:15 Murder Holes
37:57 Siege Engineers
38:29 Bow Saw
41:21 Redemption
41:12 Atonement
41:23 Fervor
41:29 Block Printing
41:40 Illumination
41:15 Devotion
41:36 Sanctity
41:36 Heresy
41:52 Theocracy
48:32 Masonry
50:15 Houfnice
BorsaKaplanı
10:08 Feudal Age
10:40 Double-Bit Axe
19:01 Castle Age
17:39 Stone Mining
17:40 Gold Mining
20:27 Bow Saw
24:04 Horse Collar
26:31 Fletching
26:42 Padded Archer Armor
27:32 Bodkin Arrow
33:43 Imperial Age
32:35 Loom
33:27 Wheelbarrow
32:37 Town Watch
33:49 Onager
36:33 Bracer
36:34 Padded Archer Armor
37:21 Hand Cart
38:08 Elite Skirmisher
38:48 Imperial Skirmisher
42:09 Leather Archer Armor
46:51 Elite Rattan Archer
58:06 Cavalier
59:23 Scale Barding Armor
girault.n
9:46 Feudal Age
11:12 Wheelbarrow
10:28 Town Watch
10:51 Double-Bit Axe
11:20 Gold Mining
14:44 Loom
16:20 Fletching
16:57 Stone Mining
19:11 Scale Mail Armor
19:03 Arson
20:55 Man-at-Arms
22:08 Scale Barding Armor
22:15 Forging
26:58 Castle Age
29:06 Squires
29:51 Padded Archer Armor
31:19 Hand Cart
31:22 Husbandry
33:37 Bow Saw
34:10 Town Patrol
34:10 Pikeman
35:05 Long Swordsman
35:31 Gambesons
35:30 Elite Skirmisher
37:13 Gold Shaft Mining
37:08 Chain Barding Armor
37:14 Light Cavalry
38:33 Iron Casting
37:44 Crossbowman
39:23 Caravan
40:03 Coinage
43:03 #83
43:57 Ballistics
47:18 Imperial Age
47:27 Onager
47:31 Halberdier
47:46 Heavy Scorpion
47:59 Cavalier
49:59 Conscription
50:55 Banking
52:41 Chemistry
54:31 Masonry
59:03 Plate Barding Armor
59:29 Blast Furnace
57:53 Paladin
Connection lost

Rejoining the realm…

Still unreachable

The connection could not be restored.

Session expired

The server has moved on; the page needs a fresh start.